% Time on Ice - LAS VEGAS LIZARD KINGS
Lines # - Real PCT - Wanted PCT - Time Play
Normal Forward
1 - 42% - 40% - 20:25
2 - 32% - 35% - 15:22
3 - 20% - 20% - 9:43
4 - 6% - 5% - 3:08
Normal Defense
1 - 35% - 45% - 17:06
2 - 31% - 35% - 15:19
3 - 28% - 20% - 13:41
4 - 5% - 0% - 2:32
PP Forward
1 - 0% - 80%
2 - 0% - 20%
PP Defense
1 - 0% - 80%
2 - 0% - 20%
PK Forward
1 - 92% - 70% - 8:37
2 - 8% - 30% - 0:46
PK Defense
1 - 66% - 65% - 6:14
2 - 34% - 35% - 3:09
PK3 Forward
1 - 100% - 55% - 0:32
2 - 0% - 45% - 0:00
PK3 Defense
1 - 0% - 55% - 0:00
2 - 100% - 45% - 0:32
44 Forward
1 - 76% - 55% - 1:06
2 - 24% - 45% - 0:21
44 Defense
1 - 76% - 55% - 1:06
2 - 24% - 45% - 0:21
Last Minute Offensive  - 0:00
Last Minute Defensive  - 0:00
Total
Forward - 60:00
Defense - 60:00
% Time on Ice - ANCHORAGE ACES
Lines # - Real PCT - Wanted PCT - Time Play
Normal Forward
1 - 34% - 37% - 16:35
2 - 33% - 33% - 15:56
3 - 21% - 20% - 10:26
4 - 12% - 10% - 5:41
Normal Defense
1 - 34% - 36% - 16:42
2 - 35% - 31% - 17:13
3 - 28% - 23% - 13:32
4 - 2% - 10% - 1:11
PP Forward
1 - 44% - 55% - 4:09
2 - 56% - 45% - 5:14
PP Defense
1 - 48% - 55% - 4:32
2 - 52% - 45% - 4:51
PK Forward
1 - 0% - 55%
2 - 0% - 45%
PK Defense
1 - 0% - 55%
2 - 0% - 45%
PK3 Forward
1 - 0% - 55%
2 - 0% - 45%
PK3 Defense
1 - 0% - 55%
2 - 0% - 45%
44 Forward
1 - 56% - 55% - 1:07
2 - 44% - 45% - 0:52
44 Defense
1 - 56% - 55% - 1:07
2 - 44% - 45% - 0:52
Last Minute Offensive  - 0:00
Last Minute Defensive  - 0:00
Total
Forward - 60:00
Defense - 60:00
Play-by-Play 1st period 0:01 of 1st period - Ryan Nugent-Hopkins wins face-off versus Connor McDavid in neutral zone. 0:08 of 1st period - Shot by Nikolaj Ehlers. 0:08 of 1st period - Stopped by Marc-Andre Fleury without a rebound. 0:09 of 1st period - Sean Monahan wins face-off versus Phillip Danault in LAS VEGAS LIZARD KINGS zone. 0:27 of 1st period - Minor Penalty to Ben Chiarot for Tripping. 0:27 of 1st period - Minor Penalty to Barclay Goodrow for Hooking. 0:28 of 1st period - Sean Monahan wins face-off versus Connor McDavid in ANCHORAGE ACES zone. 0:33 of 1st period - Shot by Johnny Gaudreau. 0:33 of 1st period - Stopped by James Reimer without a rebound. 0:34 of 1st period - Ryan Nugent-Hopkins wins face-off versus Nikolaj Ehlers in ANCHORAGE ACES zone. 0:53 of 1st period - Shot by Chris Kreider. 0:53 of 1st period - Goal by Chris Kreider - LAS VEGAS LIZARD KINGS : 0 - ANCHORAGE ACES : 1. 0:54 of 1st period - Connor McDavid wins face-off versus Sean Monahan in neutral zone. 1:01 of 1st period - Shot by Connor McDavid. 1:01 of 1st period - Stopped by Marc-Andre Fleury without a rebound. 1:02 of 1st period - Sean Monahan wins face-off versus Connor McDavid in LAS VEGAS LIZARD KINGS zone. 1:31 of 1st period - Shot by Nathan MacKinnon. 1:31 of 1st period - Shot Misses the Net. 1:37 of 1st period - Shot by Nathan MacKinnon. 1:37 of 1st period - Shot Misses the Net. 1:54 of 1st period - Minor Penalty to Ryan Nugent-Hopkins for Boarding. 1:55 of 1st period - Nikolaj Ehlers wins face-off versus Bobby Ryan in LAS VEGAS LIZARD KINGS zone. 2:06 of 1st period - Shot by Chris Kreider. 2:06 of 1st period - Shot Blocked by Olli Maatta. 3:38 of 1st period - Shot by Nathan MacKinnon. 3:38 of 1st period - Stopped by Marc-Andre Fleury without a rebound. 3:39 of 1st period - Derek Ryan wins face-off versus Nathan MacKinnon in LAS VEGAS LIZARD KINGS zone. 3:50 of 1st period - Shot by Chris Kreider. 3:50 of 1st period - Stopped by Marc-Andre Fleury without a rebound. 3:51 of 1st period - Phillip Danault wins face-off versus Derek Ryan in LAS VEGAS LIZARD KINGS zone. 3:52 of 1st period - Shot by Jakob Silfverberg. 3:52 of 1st period - Shot Blocked by Brayden McNabb. 3:54 of 1st period - Shot by Jakob Silfverberg. 3:54 of 1st period - Goal by Jakob Silfverberg - LAS VEGAS LIZARD KINGS : 0 - ANCHORAGE ACES : 2. 3:55 of 1st period - Ryan Nugent-Hopkins wins face-off versus Dominik Simon in neutral zone. 4:18 of 1st period - Shot by Dominik Simon. 4:18 of 1st period - Shot Misses the Net. 4:30 of 1st period - Shot by Dominik Simon. 4:30 of 1st period - Stopped by Marc-Andre Fleury without a rebound. 4:31 of 1st period - Derek Ryan wins face-off versus Chris Kreider in LAS VEGAS LIZARD KINGS zone. 5:38 of 1st period - Matt Niskanen is hit by Nikolaj Ehlers and loses puck. 5:47 of 1st period - Shot by Barclay Goodrow. 5:47 of 1st period - Stopped by James Reimer without a rebound. 5:48 of 1st period - Jacob de la Rose wins face-off versus Ryan Nugent-Hopkins in ANCHORAGE ACES zone. 5:48 of 1st period - Jacob de la Rose is hit by Ryan Nugent-Hopkins. 6:11 of 1st period - Shot by Ryan Nugent-Hopkins. 6:11 of 1st period - Shot Misses the Net. 6:13 of 1st period - Shot by Ryan Nugent-Hopkins. 6:13 of 1st period - Stopped by James Reimer without a rebound. 6:14 of 1st period - Connor McDavid wins face-off versus Zemgus Girgensons in ANCHORAGE ACES zone. 6:21 of 1st period - Shot by Nikolaj Ehlers. 6:21 of 1st period - Stopped by Marc-Andre Fleury without a rebound. 6:22 of 1st period - Ryan Nugent-Hopkins wins face-off versus Nathan MacKinnon in LAS VEGAS LIZARD KINGS zone. 6:22 of 1st period - Ryan Nugent-Hopkins is hit by Connor McDavid. 6:25 of 1st period - Johnny Gaudreau is hit by Connor McDavid and loses puck. 6:53 of 1st period - Shot by Ryan Nugent-Hopkins. 6:53 of 1st period - Shot Blocked by Nathan Beaulieu. 6:59 of 1st period - Shot by Connor McDavid. 6:59 of 1st period - Deflect By Nathan MacKinnon. 6:59 of 1st period - Shot Misses the Net. 7:17 of 1st period - Shot by Chris Kreider. 7:17 of 1st period - Shot Misses the Net. 7:31 of 1st period - Icing by Brayden McNabb. 7:32 of 1st period - Ryan Nugent-Hopkins wins face-off versus Curtis Lazar in LAS VEGAS LIZARD KINGS zone. 7:32 of 1st period - Johnny Gaudreau is hit by Cal Clutterbuck and loses puck. 7:59 of 1st period - Shot by Sean Monahan. 7:59 of 1st period - Stopped by James Reimer without a rebound. 8:00 of 1st period - Derek Ryan wins face-off versus Phillip Danault in ANCHORAGE ACES zone. 8:00 of 1st period - Derek Ryan is hit by Shea Weber. 8:19 of 1st period - Bobby Ryan is hit by Shea Weber and loses puck. 9:31 of 1st period - Nikolaj Ehlers is hit by Olli Maatta and loses puck. 9:39 of 1st period - Connor McDavid is hit by Olli Maatta and loses puck. 9:45 of 1st period - Nikolaj Ehlers is hit by Olli Maatta and loses puck. 9:46 of 1st period - Minor Penalty to Olli Maatta for Roughing. 9:47 of 1st period - Nathan MacKinnon wins face-off versus Bobby Ryan in LAS VEGAS LIZARD KINGS zone. 10:06 of 1st period - Shot by Barclay Goodrow. 10:06 of 1st period - Stopped by James Reimer without a rebound. 10:07 of 1st period - Phillip Danault wins face-off versus Barclay Goodrow in ANCHORAGE ACES zone. 10:07 of 1st period - Phillip Danault is hit by Barclay Goodrow. 10:35 of 1st period - Shot by Nikolaj Ehlers. 10:35 of 1st period - Shot Blocked by Mirco Mueller. 10:47 of 1st period - Brayden McNabb is hit by Jakob Silfverberg and loses puck. 13:52 of 1st period - Icing by Brayden McNabb. 13:53 of 1st period - Derek Ryan wins face-off versus Chris Kreider in LAS VEGAS LIZARD KINGS zone. 14:13 of 1st period - Shot by Jakob Silfverberg. 14:13 of 1st period - Shot Misses the Net. 14:15 of 1st period - Shot by Phillip Danault. 14:15 of 1st period - Deflect By Chris Kreider. 14:15 of 1st period - Stopped by Marc-Andre Fleury without a rebound. 14:16 of 1st period - Curtis Lazar wins face-off versus Zemgus Girgensons in LAS VEGAS LIZARD KINGS zone. 14:56 of 1st period - Icing by Mirco Mueller. 14:57 of 1st period - Phillip Danault wins face-off versus Zemgus Girgensons in LAS VEGAS LIZARD KINGS zone. 15:15 of 1st period - Zemgus Girgensons is hit by Phillip Danault. 16:04 of 1st period - Icing by Carl Gunnarsson. 16:05 of 1st period - Connor McDavid wins face-off versus Johnny Gaudreau in ANCHORAGE ACES zone. 16:38 of 1st period - Shot by Ryan Nugent-Hopkins. 16:38 of 1st period - Shot Misses the Net. 16:43 of 1st period - Icing by Nathan Beaulieu. 16:44 of 1st period - Nathan MacKinnon wins face-off versus Sean Monahan in ANCHORAGE ACES zone. 16:44 of 1st period - Nathan MacKinnon is hit by Barclay Goodrow. 17:06 of 1st period - Sean Monahan is hit by Nathan Beaulieu and loses puck. 18:01 of 1st period - Seth Jones is hit by Ryan Nugent-Hopkins and loses puck. 18:36 of 1st period - Off-side. 18:37 of 1st period - Curtis Lazar wins face-off versus Derek Ryan in neutral zone. 19:08 of 1st period - Shot by Bobby Ryan. 19:08 of 1st period - Stopped by James Reimer with a rebound. 19:17 of 1st period - Icing by Ben Chiarot. 19:18 of 1st period - Sean Monahan wins face-off versus Curtis Lazar in ANCHORAGE ACES zone. 19:34 of 1st period - Nino Niederreiter is hit by Ben Chiarot and loses puck. Goals for this period are 0 for LAS VEGAS LIZARD KINGS vs 2 for ANCHORAGE ACES. Shots for this period are 6 for LAS VEGAS LIZARD KINGS vs 9 for ANCHORAGE ACES. 2nd period 0:01 of 2nd period - Sean Monahan wins face-off versus Connor McDavid in neutral zone. 0:06 of 2nd period - Shot by Nino Niederreiter. 0:06 of 2nd period - Goal by Nino Niederreiter - LAS VEGAS LIZARD KINGS : 1 - ANCHORAGE ACES : 2. 0:07 of 2nd period - Ryan Nugent-Hopkins wins face-off versus Nathan MacKinnon in neutral zone. 0:43 of 2nd period - Shot by Johnny Gaudreau. 0:43 of 2nd period - Shot Misses the Net. 1:18 of 2nd period - Jakob Silfverberg is hit by Brayden McNabb and loses puck. 1:22 of 2nd period - Phillip Danault is hit by Brayden McNabb and loses puck. 1:49 of 2nd period - Nino Niederreiter is hit by Phillip Danault and loses puck. 2:41 of 2nd period - Icing by Mirco Mueller. 2:42 of 2nd period - Connor McDavid wins face-off versus Derek Ryan in LAS VEGAS LIZARD KINGS zone. 2:47 of 2nd period - Shot by Nikolaj Ehlers. 2:47 of 2nd period - Stopped by Marc-Andre Fleury without a rebound. 2:48 of 2nd period - Connor McDavid wins face-off versus Zemgus Girgensons in LAS VEGAS LIZARD KINGS zone. 2:55 of 2nd period - Shot by Connor McDavid. 2:55 of 2nd period - Stopped by Marc-Andre Fleury without a rebound. 2:56 of 2nd period - Connor McDavid wins face-off versus Derek Ryan in LAS VEGAS LIZARD KINGS zone. 2:56 of 2nd period - Connor McDavid is hit by Mirco Mueller. 3:12 of 2nd period - Shot by Connor McDavid. 3:12 of 2nd period - Shot Blocked by Matt Roy. 3:14 of 2nd period - Shot by Nathan MacKinnon. 3:1